 Dungeon Crawl Stone Soup version 0.28-a0-401-ge240ad9e29 (webtiles) character file.

Game seed: 7092179939805050072

75 Spaninq the Gusty (level 4, -1/24 HPs)
             Began as a Tengu Air Elementalist on Sept 5, 2021.
             Killed by divine providence
             ... invoked by an orc priest
              (11 damage)
             ... on level 3 of the Dungeon.
             The game lasted 00:07:20 (2589 turns).

Spaninq the Gusty (Tengu Air Elementalist)          Turns: 2589, Time: 00:07:20

Health: -1/24      AC:  2    Str:  8    XL:     4   Next: 31%
Magic:  0/8        EV: 12    Int: 17    God:
Gold:   63         SH:  0    Dex: 14    Spells: 4/7 levels left

rFire   . . .      SeeInvis .   (no weapon)
rCold   . . .      Faith    .   (no shield)
rNeg    . . .      Spirit   .   a - +0 robe
rPois   .          Reflect  .   (helmet restricted)
rElec   .          Harm     .   (no cloak)
rCorr   .          Rampage  .   (no gloves)
Will    .....                   (boots unavailable)
Stlth   ++........              (no amulet)
HPRegen 0.08/turn               (no ring)
MPRegen 0.11/turn               (no ring)

@: no status effects
A: beak, talons 3
a: no special abilities


You were on level 3 of the Dungeon.
You visited 1 branch of the dungeon, and saw 3 of its levels.

You collected 63 gold pieces.

Inventory:

Missiles
 h - a throwing net
Armour
 a - a +0 robe (worn)
Scrolls
 b - 3 scrolls of identify {unknown}
 c - 2 scrolls of teleportation {unknown}
 f - 2 scrolls of noise {unknown}
 g - a scroll of fog {unknown}
Potions
 d - 3 potions of heal wounds {unknown}
 e - 3 potions of degeneration {unknown}


   Skills:
 + Level 2.4 Dodging
 - Level 2.0 Stealth
 + Level 2.4 Spellcasting
 + Level 3.2 Conjurations
 * Level 5.2 Air Magic


You had 4 spell levels left.
You knew the following spells:

 Your Spells              Type           Power      Damage    Failure   Level
a - Shock                 Conj/Air       64%        1d7       3%          1
b - Static Discharge      Conj/Air       16%        N/A       4%          2

Your spell library contained the following spells:

 Spells                   Type           Power      Damage    Failure   Level
 Swiftness                Air            20%        N/A       6%          3
 Airstrike                Air            10%        N/A       22%         4
 Frozen Ramparts          Ice            4%         1d2       50%         3
 Ice Form                 Ice/Tmut       2%         N/A       88%         4
 Summon Ice Beast         Ice/Summ       2%         N/A       88%         4


Dungeon Overview and Level Annotations

Branches:
Dungeon (3/15)

Altars:


Innate Abilities, Weirdness & Mutations

You have a beak for a mouth.
You have claws for feet.


Message History

The zap misses the adder.
The adder bites you but does no damage.
Casting: Shock (safe; 3% risk of failure)
Confirm with . or Enter, or press ? or * to list all spells.
Aiming: Shock (safe; 3% risk of failure)
Press: ? - help, Shift-Dir - straight line The zap misses the adder.
The zap hits the adder.
The adder is severely wounded.
The adder closely misses you.
Casting: Shock (safe; 3% risk of failure)
Confirm with . or Enter, or press ? or * to list all spells.
Aiming: Shock (safe; 3% risk of failure)
Press: ? - help, Shift-Dir - straight line The zap misses the adder.
The zap hits the adder.
The adder is almost dead.
The adder barely misses you. The adder misses you.
Casting: Shock (safe; 3% risk of failure)
Confirm with . or Enter, or press ? or * to list all spells.
Aiming: Shock (safe; 3% risk of failure)
Press: ? - help, Shift-Dir - straight line The zap hits the adder.
You kill the adder!
The zap hits the orc priest.
The orc priest is severely wounded.
The zap misses the orc priest.
Casting: Shock (safe; 3% risk of failure)
Confirm with . or Enter, or press ? or * to list all spells.
Aiming: Shock (safe; 3% risk of failure)
Press: ? - help, Shift-Dir - straight line The zap hits the orc priest.
The orc priest is almost dead.
The zap misses the orc priest.
The orc priest miscasts a cantrip.
The orc priest looks encouraged for a moment.
The orc priest calls down the wrath of Beogh upon you.
Pain shoots through your body!
The orc priest calls upon Beogh to heal the orc priest.
The orc priest is healed somewhat.
The orc priest invokes the aid of Beogh against you.
Beogh smites you!
You die...

.... ..##.......#
.#..
#.......########...
....
#####...............
...
......#.#######....#
........#.......#...
........#.........
.. ........#.......#
...
#####+#.#.......# ..
#######.#@#.......#
.
#.....#.......)...#
#...o#o#.......# #
#....#.##.##.###..#
#....#.##.##......#
##.#....o.##.###..#
.......#######.# #
...#.### #o# ....#.
#.#


You could see 2 orc priests.

Vanquished Creatures
  An adder (D:3)
  A worm (D:2)
  4 dart slugs
  5 orcs (D:3)
  5 endoplasms
  5 goblins
  A hobgoblin (D:2)
  4 jackals (D:1)
  2 kobolds
  3 quokkas
  5 ball pythons
  5 bats
  5 frilled lizards
  3 rats
49 creatures vanquished.

Vanquished Creatures (others)
  3 plants (D:1)
3 creatures vanquished.

Grand Total: 52 creatures vanquished

Notes
Turn   | Place    | Note
-------+----------+-------------------------------------------
     0 | D:1      | Spaninq the Tengu Air Elementalist began the quest for the
                  | Orb.
     0 | D:1      | Reached XP level 1. HP: 10/10 MP: 4/4
   248 | D:1      | Reached XP level 2. HP: 15/15 MP: 1/6
   304 | D:1      | Learned a level 2 spell: Static Discharge
   876 | D:1      | Found a faded altar of an unknown god.
  1004 | D:1      | Reached XP level 3. HP: 19/19 MP: 4/7
  1926 | D:2      | Reached skill level 5 in Air Magic
  2396 | D:3      | Reached XP level 4. HP: 24/24 MP: 4/8
  2589 | D:3      | Killed from afar by an orc priest

Illustrated notes

Levels and vault maps discovered:
D:1:      lightli_arrival_lavapool, layout_basic,
          dilly_ecumenical_altar_fadedgnrine
D:2:      layout_basic, minmay_door_square, nrook_loot_triangle
D:3:      layout_basic, pdpol_wu_jian_five_deadly_venoms,
          gammafunk_temple_overflow_wave, uniq_grinder

Skill      XL: |  1  2  3 |
---------------+----------+-----
Conjurations   | 2 3 |  3.2
Air Magic      | 5 |  5.2
Dodging        | |  2.4
Stealth        | |  2.0
Spellcasting   | |  2.4

Action                   |  1- 3 |  4- 6 || total
-------------------------+-------+-------++-------
Melee: Unarmed           |     5 |       ||     5
       Kick              |     1 |       ||     1
       Peck              |     1 |       ||     1
 Cast: Shock             |    81 |    17 ||    98
       Static Discharge  |     4 |       ||     4
Armor: Robe              |     8 |     1 ||     9
Dodge: Dodged            |    11 |     7 ||    18

Table legend: (Time is in decaauts)
 A = Elapsed time spent in this place.
 B = Non-inter-level travel time spent in this place.
 C = Inter-level travel time spent in this place.
 D = Time resting spent in this place.
 E = Time spent auto-exploring this place.
 F = Levels seen in this place.
 G = Mean time per level.
                   A        B        C        D        E       F      G
               +--------+--------+--------+--------+--------+-----+--------+
         Total |   2589 |   2509 |     80 |    368 |   1796 |   3 |  863.0 |
       Dungeon |   2589 |   2509 |     80 |    368 |   1796 |   3 |  863.0 |
               +--------+--------+--------+--------+--------+-----+--------+

Top non-repeatable levels by time:
     D:1: 1239 daAuts
     D:2: 1184 daAuts
     D:3: 166 daAuts
